 Dungeon Crawl Stone Soup version 0.29.0-10-g45618ea6d2 (webtiles) character file.

Game seed: 1907853621670177927

3600 sanka the Grappler (level 9, -1/80 HPs)
             Began as a Troll Cinder Acolyte on Sept 1, 2022.
             Was an Initiate of Okawaru.
             Slain by a fire elemental (14 damage)
             ... created by the fiery vengeance of Ignis
             ... on level 7 of the Dungeon.
             The game lasted 00:08:55 (5794 turns).

sanka the Grappler (Troll Cinder Acolyte)           Turns: 5794, Time: 00:08:56

Health: -1/80      AC: 16    Str: 24    XL:     9   Next: 85%
Magic:  9/9        EV:  9    Int: 10    God:    Okawaru [......]
Gold:   467        SH:  5    Dex:  9    Spells: 10/10 levels left

rFire   . . .      SeeInvis .     - Unarmed
rCold   . . .      Faith    .   (no shield)
rNeg    . . .      Spirit   .   I - +0 steam dragon scales
rPois   .          Reflect  +   (helmet restricted)
rElec   .          Harm     .   l - +0 cloak
rCorr   .          Rampage  .   (gloves unavailable)
Will    .....                   (boots unavailable)
Stlth   +.........              n - amulet of reflection
HPRegen 1.03/turn               E - +4 ring of protection
MPRegen 0.11/turn               v - +4 ring of protection

@: fire susceptible
A: large, unfitting armour, claws 3, regeneration 1, shaggy fur 1, tough skin 1
a: Renounce Religion


You were on level 7 of the Dungeon.
You worshipped Okawaru.
Okawaru was noncommittal.
You visited 2 branches of the dungeon, and saw 9 of its levels.
You also visited: Ossuary.

You collected 467 gold pieces.


Innate Abilities, Weirdness & Mutations

You are too large for most types of armour.
You have claws for hands.
Your natural rate of healing is unusually fast.
You are covered in fur. (AC +1)
You have tough skin. (AC +1)


   Skills:
 + Level 2.7 Fighting
 + Level 14.1 Unarmed Combat
 - Level 1.0 Spellcasting
 - Level 2.1 Fire Magic
 + Level 1.1 Invocations


You had 10 spell levels left.
You didn't know any spells.
Your spell library contained the following spells:

 Spells                   Type           Power      Damage    Failure   Level
 Scorch                   Fire           8%         2d5       22%         2
 Necrotise                Necr           0%         1d4       34%         1
 Sandblast                Erth           0%         2d4       34%         1
 Sting                    Tmut/Pois      0%         1d3       34%         1
 Passwall                 Tmut/Erth      0%         N/A       45%         2
 Gell's Gravitas          Tloc           0%         N/A       71%         3
 Lesser Beckoning         Tloc           0%         N/A       71%         3
 Stone Arrow              Conj/Erth      0%         3d7       71%         3
 Teleport Other           Tloc           0%         N/A       71%         3
 Vampiric Draining        Necr           0%         2d6       71%         3
 Agony                    Necr           0%         N/A       100%        5

Inventory:

Hand Weapons
 x - the +6 mace of Fozuogg {vorpal, *Slow rElec Str+4 SInv}

   It inflicts extra damage upon your enemies.
   Str:       It affects your strength (+4).
   rElec:     It insulates you from electricity.
   SInv:      It lets you see invisible.
   *Slow:     It may slow you when you take damage.
 B - a +0 dire flail
Missiles
 J - a throwing net {=f}
Armour
 a - a +0 robe
 l - a +0 cloak (worn)
 I - +0 steam dragon scales (worn)
Jewellery
 j - a ring of magical power
 n - an amulet of reflection (around neck)
 r - a ring of poison resistance
 v - a +4 ring of protection (right claw)
 C - a ring of flight
 E - a +4 ring of protection (left claw)
 F - a ring of wizardry
Scrolls
 f - 4 scrolls of poison {unknown}
 g - a scroll of torment {unknown}
 h - 11 scrolls of identify {unknown}
 k - a scroll of enchant armour {unknown}
 p - 2 scrolls of blinking {unknown}
 s - 2 scrolls of immolation {unknown}
 u - 2 scrolls of enchant weapon {unknown}
 y - a scroll of magic mapping {unknown}
 z - 4 scrolls of vulnerability {unknown}
 H - a scroll of teleportation {unknown}
Potions
 b - 6 potions of curing {@q1}
 c - 4 potions of might {unknown}
 d - a potion of mutation {unknown}
 e - 2 potions of haste {unknown}
 i - 3 potions of resistance {unknown}
 m - a potion of brilliance {unknown}
 q - 2 potions of degeneration {unknown}
 t - a potion of cancellation {unknown}
 w - a potion of berserk rage {unknown}
 A - 2 potions of magic {unknown}
 D - a potion of flight {unknown}
 G - a potion of heal wounds {unknown}

Dungeon Overview and Level Annotations

Branches:
Dungeon (8/15)             Temple (1/1) D:7         Ossuary (visited)
   Lair: D:8-11

Altars:
Ashenzari
Cheibriados
Dithmenos
Elyvilon
Fedhas
Gozag
Hepliaklqana
Kikubaaqudgha
Makhleb
Nemelex Xobeh
Okawaru
Qazlal
Ru
Sif Muna
Trog
Uskayaw
Wu Jian
Xom
Yredelemnul
Zin
The Shining One

▒................▒▒.......▒
▒▒................▒▒.......▒
▒............[....▒........▒
▒▒▒▒..........................▒
...>..▒.....▒▒.......▒........▒
.....▒▒▒▒▒▒▒▒▒▒▒▒.▒▒..........▒
..▒▒▒▒ ▒.....▒▒[[.....▒ ..▒
▒▒▒▒▒▒▒▒▒▒.▒.▒▒▒▒.>..[..▒
..▒▒▒▒▒..[...>☼▒T..▒ ▒.......▒
.....▒8.8▒....°E.▒▒▒ ▒▒▒▒.▒▒▒▒
..▒▒▒▒...▒.....▒▒▒ ▒▒▒▒..▒
..▒▒▒▒8.8▒▒▒...▒ ▒....▒▒
..▒▒≈≈...≈≈▒▒..▒▒▒▒ ▒.▒▒▒▒
.▒▒≈≈~8.8~≈≈▒▒....▒▒▒▒.▒
▒▒≈≈≈~▒)▒~≈≈≈▒▒▒▒......▒▒
▒▒≈≈.▒▒)▒▒.≈≈▒▒ ▒▒▒▒▒...▒
▒≈≈≈.▒...▒.≈≈≈▒ ▒....▒▒▒


You could see a fire elemental.


Message History

The fire elemental burns you!
* * * LOW HITPOINT WARNING * * *
You scratch the fire elemental but do no damage.
The fire elemental is almost destroyed.
The fire elemental hits you. The fire elemental burns you!
* * * LOW HITPOINT WARNING * * *
You closely miss the fire elemental.
The fire elemental is almost destroyed.
The fire elemental closely misses you.
You miss the fire elemental.
The fire elemental is almost destroyed.
You block the fire elemental's attack.
You scratch the fire elemental.
You destroy the fire elemental!
That felt strangely unrewarding.
You closely miss the fire elemental. You closely miss the fire elemental.
Your claw misses the fire elemental. The fire elemental closely misses you.
The fire elemental hits you. The fire elemental burns you!
* * * LOW HITPOINT WARNING * * *
You claw the fire elemental!
The fire elemental is moderately damaged.
You claw the fire elemental!
The fire elemental is heavily damaged.
The fire elemental hits you. The fire elemental burns you!
You die...

Action                   |  1- 3 |  4- 6 |  7- 9 || total
-------------------------+-------+-------+-------++-------
Melee: Unarmed           |   143 |   128 |   277 ||   548
       Punch             |     1 |     2 |    18 ||    21
Invok: Fiery Armour      |       |     1 |     1 ||     2
  Use: Potion            |       |       |     1 ||     1
 Stab: Distracted        |       |       |     1 ||     1
Armor: Robe              |    58 |    31 |    53 ||   142
       Steam dragon scal |       |       |    45 ||    45
Dodge: Dodged            |    72 |    34 |    90 ||   196
Block: Other             |       |    18 |    40 ||    58
       Reflection        |       |       |     1 ||     1

Levels and vault maps discovered:
D:1:      nicolae_arrival_washed_ashore, layout_rooms
D:2:      layout_basic, grunt_decor_fettered, chequers_jeans
D:3:      layout_basic, yredelemnul_forgotten_temple_becter,
          shapermc_ecumenical_altar_rom_forum
D:4:      layout_loops_ring, lightli_ossuary_entry_decrepit_ruins,
          dreamdust_mushroom_princess
D:5:      layout_basic, nicolae_wu_jian_wuxing_cycle, grunt_gozag_statues,
          serial_rivers, chequers_serial_rivers_micro_b,
          chequers_serial_rivers_small_3, chequers_serial_rivers_small_b,
          chequers_serial_rivers_small_3, lemuel_flamethrower_1, uniq_pikel,
          uniq_blork_the_orc, uniq_eustachio
D:6:      layout_gridville, kennysheep_little_box
D:7:      layout_rooms, kennysheep_orc_sif_temple, nicolae_uskayaw_en_pointe,
          minmay_temple_entry_slanted, uniq_menkaure, uniq_maggie
D:8:      layout_loops_ring, lair_entry_dummy, serial_bayou,
          serial_bayou_crossing, serial_bayou_pond_c, serial_bayou_ford_a,
          serial_bayou_lagoon_a, serial_bayou_pond_c, corexii_leaking_fountain,
          jiyva_altar_1
Temple:   regret_index_temple_waves

Notes
Turn   | Place    | Note
-------+----------+-------------------------------------------
     0 | D:1      | sanka the Troll Cinder Acolyte began the quest for the Orb.
     0 | D:1      | Reached XP level 1. HP: 22/22 MP: 1/1
   128 | D:1      | Reached XP level 2. HP: 27/29 MP: 2/2
   314 | D:1      | Reached skill level 4 in Unarmed Combat
   608 | D:2      | Reached XP level 3. HP: 28/36 MP: 3/3
  1577 | D:3      | Found a basalt altar of Yredelemnul.
  1673 | D:3      | Found a faded altar of an unknown god.
  1678 | D:3      | Got Plato's Tome of the Spider
  1741 | D:3      | Reached XP level 4. HP: 41/43 MP: 4/4
  1841 | D:3      | Reached skill level 5 in Unarmed Combat
  2156 | D:4      | Found a sand-covered staircase.
  2165 | Ossuary  | Entered an ossuary
  2165 | Ossuary  | Noticed a wraith
  2165 | Ossuary  | Noticed a wraith
  2165 | Ossuary  | Noticed a wraith
  2331 | Ossuary  | Noticed a wraith
  2338 | Ossuary  | Killed a wraith
  2339 | Ossuary  | Reached skill level 6 in Unarmed Combat
  2339 | Ossuary  | Reached XP level 5. HP: 48/50 MP: 5/5
  2366 | Ossuary  | Reached XP level 6. HP: 49/59 MP: 6/6
  2603 | D:4      | Reached skill level 7 in Unarmed Combat
  2893 | D:4      | Reached skill level 8 in Unarmed Combat
  2929 | D:4      | Reached XP level 7. HP: 63/66 MP: 7/7
  3219 | D:5      | Entered Level 5 of the Dungeon
  3228 | D:5      | Noticed Pikel
  3276 | D:5      | Killed Pikel
  3277 | D:5      | Reached skill level 10 in Unarmed Combat
  3277 | D:5      | Reached XP level 8. HP: 37/74 MP: 8/8
  3280 | D:5      | Noticed Eustachio
  3289 | D:5      | Killed Eustachio
  3375 | D:5      | Noticed Blork the orc
  3388 | D:5      | Killed Blork the orc
  3588 | D:5      | Identified the +6 barding of the Tarantula {Harm rC+}
  3591 | D:5      | Identified the +6 mace of Fozuogg {vorpal, *Slow rElec
                  | Str+4 SInv}
  3790 | D:5      | Found an opulent altar of Gozag.
  3814 | D:5      | Reached skill level 11 in Unarmed Combat
  3828 | D:5      | Found an ornate altar of the Wu Jian Council.
  4466 | D:6      | Reached skill level 12 in Unarmed Combat
  4606 | D:6      | Reached XP level 9. HP: 58/80 MP: 9/9
  4778 | D:6      | Found a burning altar of Makhleb.
  4884 | D:7      | Identified +0 steam dragon scales
  4884 | D:7      | Noticed Maggie
  4903 | D:7      | Killed Maggie
  5027 | D:7      | Found a staircase to the Ecumenical Temple.
  5079 | D:7      | Reached skill level 13 in Unarmed Combat
  5153 | D:7      | Found a shimmering blue altar of Sif Muna.
  5210 | D:7      | Noticed Menkaure
  5215 | D:7      | Killed Menkaure
  5229 | D:7      | Noticed a komodo dragon
  5244 | D:7      | Killed a komodo dragon
  5245 | D:7      | Reached skill level 14 in Unarmed Combat
  5277 | D:7      | Noticed a +0 spear
  5278 | D:7      | Noticed a +0 dagger
  5279 | D:7      | Noticed a +0 spear
  5279 | D:7      | Noticed a +0 dagger
  5279 | D:7      | Noticed a +0 falchion
  5280 | D:7      | Noticed a +0 short sword
  5280 | D:7      | Noticed a +0 short sword
  5280 | D:7      | Noticed a +0 falchion
  5293 | D:7      | Found a hide-covered altar of Uskayaw.
  5525 | Temple   | Entered the Ecumenical Temple
  5627 | Temple   | Fell from the grace of Ignis
  5627 | Temple   | Became a worshipper of Warmaster Okawaru
  5709 | D:8      | Reached skill level 1 in Invocations
  5794 | D:7      | Slain by a fire elemental

Vanquished Creatures
  Pikel (D:5)
  Maggie (D:7)
  A komodo dragon (D:7)
  A wraith (Ossuary)
  Eustachio (D:5)
  4 fire elementals
  Menkaure (D:7)
  2 orc warriors (D:7)
  2 ice beasts
  2 black bears
  An ogre (D:6)
  2 lemures (D:5)
  A phantom (D:6)
  Blork the orc (D:5)
  A necrophage (D:5)
  A scorpion (D:6)
  3 bullfrogs
  3 wights (D:8)
  5 hounds
  A jelly (D:7)
  6 orc priests
  A gnoll bouda (D:4)
  2 iguanas (D:5)
  10 orc wizards
  3 mummies (Ossuary)
  3 gnolls (D:4)
  3 adders
  A shadow imp (D:6)
  2 white imps
  An ufetubus (D:5)
  A worm (D:2)
  5 dart slugs
  26 orcs
  7 ball pythons
  3 bats
  7 endoplasms
  3 giant cockroaches
  7 hobgoblins
  7 jackals (D:4)
  3 quokkas
  A frilled lizard (D:2)
  9 goblins
  5 goblin zombies (Ossuary)
  A hobgoblin zombie (Ossuary)
  9 kobolds
  4 kobold zombies (Ossuary)
  5 rats
  A spectral orc (D:3)
171 creatures vanquished.

Vanquished Creatures (others)
  An adder (D:5)
  17 fungi (D:4)
  9 plants (D:8)
27 creatures vanquished.

Grand Total: 198 creatures vanquished
